 Dungeon Crawl Stone Soup version 0.22-a0-580-gd5db89c (webtiles) character file.

1838 Hebeh the Cleaver (level 8, -1/73 HPs)
             Began as a Minotaur Fighter on July 2, 2018.
             Was a Believer of Trog.
             Slain by a sky beast (5 damage)
             ... on level 6 of the Dungeon.
             The game lasted 00:18:07 (5852 turns).

Hebeh the Cleaver (Minotaur Fighter)                Turns: 5852, Time: 00:18:08

Health: -1/73      AC:  6    Str: 24    XL:     8   Next: 87%
Magic:  0/7        EV:  9    Int:  5    God:    Trog [**....]
Gold:   192        SH: 12    Dex:  9    Spells: 7/7 levels left

rFire    . . .     SeeInvis .   a - +0 war axe
rCold    . . .     Gourm    .   c - +1 shield
rNeg     . . .     Faith    .   l - +0 ring mail (curse)
rPois    .         Spirit   +   (helmet restricted)
rElec    .         Reflect  .   s - scarf {cloud immunity}
rCorr    .         Harm     .   (no gloves)
MR       .....                  (no boots)
Stlth    ..........             k - amulet of guardian spirit
HPRegen  0.22/turn              (no ring)
MPRegen  0.10/turn              (no ring)

@: no status effects
A: retaliatory headbutt, horns 2
a: Berserk, Trog's Hand, Renounce Religion


You were on level 6 of the Dungeon.
You worshipped Trog.
Trog was pleased with you.
You were not hungry.

You visited 2 branches of the dungeon, and saw 7 of its levels.
You also visited: Sewer.

You collected 192 gold pieces.

Inventory:

Hand Weapons
 a - a +0 war axe (weapon)
 C - a +0 hunting sling
 D - a cursed -2 flail
Armour
 b - a +0 scale mail
 c - a +1 shield (worn)
 l - a cursed +0 ring mail (worn)
 q - a +0 plate armour
 s - a scarf of cloud immunity (worn)
Jewellery
 k - an amulet of guardian spirit (around neck)
Wands
 v - a wand of enslavement (15)
Scrolls
 e - 2 scrolls of enchant armour
 h - 3 scrolls of noise {unknown}
 n - a scroll of immolation {unknown}
 o - 5 scrolls of identify {unknown}
 p - 4 scrolls of teleportation {unknown}
 w - 2 scrolls of fog {unknown}
 y - a scroll of enchant weapon {unknown}
 A - 2 scrolls of remove curse {unknown}
 E - a scroll of amnesia {unknown}
 F - a scroll of blinking {unknown}
Potions
 d - 2 potions of might
 g - 5 potions of mutation {unknown}
 i - 2 potions of berserk rage {unknown}
 j - 2 potions of haste {unknown}
 m - 2 potions of lignification {unknown}
 r - 3 potions of heal wounds {unknown}
 t - 3 potions of curing {unknown}
 u - 4 potions of flight {unknown}
 x - a potion of ambrosia {unknown}
 z - 3 potions of brilliance {unknown}
Comestibles
 f - 11 rations
 B - 3 chunks of flesh


   Skills:
 + Level 7.2 Fighting
 * Level 9.0 Axes
 + Level 7.1 Armour
 + Level 7.2 Shields


You had 7 spell levels left.
You didn't know any spells.
Your spell library was empty.

Dungeon Overview and Level Annotations

Branches:
Dungeon (6/15)             Temple (1/1) D:4

Altars:
Cheibriados
Dithmenos
Elyvilon
Fedhas
Makhleb
Okawaru
Qazlal
Trog
Vehumet
Wu Jian
Xom
The Shining One

Shops:
D:6 [

Annotations:
D:5 3 runed doors, Amnesiac's ghost, novice SpFi


Innate Abilities, Weirdness & Mutations

You reflexively headbutt those who attack you in melee.
You have a pair of horns on your head.


Message History

You miss the sky beast. You headbutt the sky beast.
The sky beast is severely wounded.
The sky beast completely misses you.
You barely miss the sky beast.
The sky beast is severely wounded.
The sky beast barely misses you.
You closely miss the sky beast. Your headbutt misses the sky beast.
The sky beast is severely wounded.
You block the sky beast's attack.
You miss the sky beast. Your headbutt misses the sky beast.
The sky beast is severely wounded.
The sky beast hits you but does no damage.
The sky beast flickers out of sight!
Deactivating autopickup; reactivate with Ctrl-A.
Something hits you but does no damage.
You miss something. Something hits you but does no damage.
You closely miss something. Your headbutt misses something. Something hits you.
* * * LOW HITPOINT WARNING * * *
Something shocks you.
You die...

########## #........#
#.######.# #.# #<#
#############.# #.#
#...##.....{@.# #.#
#####.#.##.######## #.#
......#.##.# #.#
........##.#### #.#
#####.........# #.#
......#....#..##########.#
#######..###...........#.###
# #..# ##.########.#...# .
#..# #.# #.###.#


There were no monsters in sight!

Vanquished Creatures
  Eustachio (D:5)
  Purgy (Sewer)
  2 sky beasts
  3 ogres
  A centaur (D:5)
  Blork the orc (D:6)
  A bullfrog (D:6)
  5 scorpions
  2 howler monkeys
  A crimson imp (D:6)
  An orc priest (D:3)
  6 orc wizards
  Natasha (thrice) (D:4)
  3 worker ants
  4 gnolls (D:2)
  8 adders
  A river rat (D:6)
  2 shadow imps
  5 worms
  2 dart slugs
  4 leopard geckos
  13 orcs
  5 bats
  5 giant cockroaches
  10 goblins
  10 hobgoblins
  10 jackals
  17 kobolds
  A quokka (D:2)
  A ball python (D:3)
  6 frilled lizards
  10 rats
145 creatures vanquished.

Notes
Turn   | Place    | Note
-------+----------+-------------------------------------------
     0 | D:1      | Hebeh the Minotaur Fighter began the quest for the Orb.
     0 | D:1      | Reached XP level 1. HP: 19/19 MP: 0/0
    53 | D:1      | Reached XP level 2. HP: 26/27 MP: 1/1
   234 | D:1      | Reached skill level 3 in Axes
   424 | D:2      | Reached XP level 3. HP: 25/33 MP: 2/2
   682 | D:2      | Reached XP level 4. HP: 40/40 MP: 3/3
   686 | D:2      | You fall through a shaft for 2 floors!
   705 | D:4      | Noticed Natasha
   715 | D:3      | Reached skill level 4 in Axes
   910 | D:2      | Reached XP level 5. HP: 47/47 MP: 4/4
  1659 | D:3      | Found a glowing golden altar of the Shining One.
  1867 | D:3      | Reached skill level 5 in Fighting
  1867 | D:3      | Reached skill level 5 in Axes
  1867 | D:3      | Reached XP level 6. HP: 47/56 MP: 3/5
  1894 | D:3      | Found a shimmering altar of Xom.
  1894 | D:3      | Found a stormy altar of Qazlal.
  1899 | D:3      | Found a white marble altar of Elyvilon.
  1901 | D:3      | Found a shadowy altar of Dithmenos.
  1903 | D:3      | Found a burning altar of Makhleb.
  2237 | D:3      | Reached skill level 5 in Shields
  2616 | D:4      | Reached skill level 5 in Armour
  2676 | D:4      | Found a staircase to the Ecumenical Temple.
  2685 | Temple   | Entered the Ecumenical Temple
  2847 | Temple   | Became a worshipper of Trog the Wrathful
  3028 | D:4      | Killed Natasha
  3047 | D:4      | Noticed Natasha
  3051 | D:4      | Reached skill level 6 in Axes
  3051 | D:4      | Reached XP level 7. HP: 42/61 MP: 3/6
  3062 | D:4      | Killed Natasha
  3062 | D:4      | Reached * piety under Trog
  3381 | D:4      | Noticed Natasha
  3385 | D:4      | Killed Natasha
  3882 | D:5      | Entered Level 5 of the Dungeon
  3882 | D:5      | Found a runed gate.
  3882 | D:5      | Found a runed gate.
  3882 | D:5      | Found a runed gate.
  3887 | D:5      | Noticed Eustachio
  3903 | D:5      | Killed Eustachio
  3903 | D:5      | Reached skill level 7 in Axes
  4353 | D:5      | Reached XP level 8. HP: 41/70 MP: 3/7
  4802 | D:5      | Reached skill level 8 in Axes
  4880 | D:5      | Noticed Amnesiac's ghost (novice SpFi)
  5016 | D:6      | Found Xirphir's Armour Shop.
  5045 | D:6      | Noticed Blork the orc
  5057 | D:6      | Killed Blork the orc
  5271 | D:6      | Found a glowing drain.
  5285 | D:6      | Reached ** piety under Trog
  5309 | Sewer    | Entered a sewer
  5575 | Sewer    | Noticed Purgy
  5585 | Sewer    | Killed Purgy
  5585 | Sewer    | Reached skill level 9 in Axes
  5852 | D:6      | Slain by a sky beast

Vault maps used:
D:1:      minmay_arrival_stone_box
D:3:      chequers_temple_overflow_minitemple, tso_metal_star
D:4:      corexii_shack_village, minmay_temple_entry_junction, first_ration,
          minivault_1, uniq_natasha
D:5:      gammafunk_ghost_necromancy, uniq_eustachio
D:6:      serial_shops, shop, cheibrodos_sewer_entry_sluice, uniq_blork_the_orc
Temple:   eino_temple_water
Sewer:    kennysheep_door_sewer

Skill      XL: |  1  2  3  4  5  6  7  8 |
---------------+-------------------------+-----
Fighting       | 4 5 6 7 |  7.2
Axes           | 3 4 5 6 7 9 |  9.0
Shields        | 4 5 6 7 |  7.2
Armour         | 4 5 6 7 |  7.1

Action                   |  1- 3 |  4- 6 |  7- 9 || total
-------------------------+-------+-------+-------++-------
Melee: War axe           |    53 |   193 |   188 ||   434
       Headbutt          |     3 |    28 |    25 ||    56
  Use: Scroll            |       |     1 |       ||     1
  Eat: Chunk             |       |     7 |     6 ||    13
       Ration            |       |       |     1 ||     1
Armor: Scale mail        |    16 |    21 |       ||    37
       Ring mail         |       |    41 |    50 ||    91
Dodge: Dodged            |    13 |    61 |    51 ||   125
Block: Shield            |    36 |   118 |    94 ||   248

Table legend:
 A = Spawn XP
 B = Non-spawn XP
 C = Spawn XP percentage of total XP
 D = Spawn monster count
 E = Non-spawn monster count
 F = Spawn count percentage of total count
 G = Total turns spent on level
                    A         B        C        D         E        F      G
               +---------+---------+-------+---------+---------+-------+---------
         Total |       0 |    2626 |   0.0 |       0 |     145 |   0.0 |  5852
               +---------+---------+-------+---------+---------+-------+---------
           D:1 |       0 |      30 |   0.0 |       0 |      17 |   0.0 |   402
           D:2 |       0 |     127 |   0.0 |       0 |      28 |   0.0 |   993
           D:3 |       0 |     285 |   0.0 |       0 |      33 |   0.0 |  1179
           D:4 |       0 |     642 |   0.0 |       0 |      33 |   0.0 |  1130
           D:5 |       0 |     818 |   0.0 |       0 |      13 |   0.0 |  1062
           D:6 |       0 |     571 |   0.0 |       0 |      15 |   0.0 |   486
         Sewer |       0 |     153 |   0.0 |       0 |       6 |   0.0 |   422
               +---------+---------+-------+---------+---------+-------+---------
